 Dungeon Crawl Stone Soup version 0.23.0-3-gf3c87f2 (webtiles) character file.

Game seed: 4656127343402508963

1029 Borgoz the Ruffian (level 8, -2/66 HPs)
             Began as a Ghoul Warper on Feb 25, 2019.
             Slain by an orc wizard
             ... wielding a +0 dagger
              (3 damage)
             ... on level 4 of the Dungeon.
             The game lasted 00:14:17 (4593 turns).

Borgoz the Ruffian (Ghoul Warper)                   Turns: 4593, Time: 00:14:18

Health: -2/66      AC:  2    Str: 19    XL:     8   Next: 23%
Magic:  10/10      EV: 13    Int:  8    God:
Gold:   189        SH:  0    Dex: 13    Spells: 9/11 levels left

rFire    . . .     SeeInvis .     - Unarmed
rCold    + . .     Gourm    .   (no shield)
rNeg     + + +     Faith    .   m - -1 leather armour (curse)
rPois    ∞         Spirit   .   (no helmet)
rElec    .         Reflect  .   (no cloak)
rCorr    .         Harm     .   (no gloves)
MR       .....                  (no boots)
Stlth    +.........             (no amulet)
HPRegen  0.00/turn              i - +3 ring of dexterity
MPRegen  0.12/turn              h - +4 ring of strength

@: rotting
A: rotting body, claws 1, carnivore, cold resistance 1, negative energy
resistance 3, inhibited regeneration, torment resistance, unbreathing
a: no special abilities


You were on level 4 of the Dungeon.
You were not hungry.

You visited 1 branch of the dungeon, and saw 5 of its levels.
You also visited: Sewer.

You collected 189 gold pieces.

Inventory:

Hand Weapons
 b - a +0 blowgun
Missiles
 d - 5 tomahawks of dispersal (quivered)
 l - 13 poisoned needles
Armour
 a - a +1 leather armour
 m - a cursed -1 leather armour (worn)
Jewellery
 h - a +4 ring of strength (right claw)
 i - a +3 ring of dexterity (left claw)
Scrolls
 c - a scroll of blinking
 e - 4 scrolls of amnesia
 g - 2 scrolls of enchant weapon
 n - 2 scrolls of teleportation
 o - a scroll of magic mapping
Potions
 j - a potion of haste
 q - a potion of brilliance
 r - 3 potions of flight
Comestibles
 f - 12 rations


   Skills:
 + Level 4.0 Fighting
 - Level 0.8 Throwing
 + Level 3.9 Armour
 + Level 3.8 Dodging
 + Level 0.6 Stealth
 + Level 7.3 Unarmed Combat
 + Level 2.0 Spellcasting
 + Level 2.6 Translocations


You had 9 spell levels left.
You knew the following spells:

 Your Spells              Type           Power        Failure   Level  Hunger
a - Blink                 Tloc           N/A          21%         2    ###....

Your spell library contained the following spells:

 Spells                   Type           Power        Failure   Level  Hunger
 Shroud of Golubria       Chrm/Tloc      #.........   34%         2    ###....
 Gell's Gravitas          Tloc           #.........   38%         3    ####...
 Lesser Beckoning         Tloc           #.........   38%         3    ####...
 Teleport Other           Tloc           #.......     38%         3    ####...
 Passage of Golubria      Tloc           N/A          80%         4    #####..


Dungeon Overview and Level Annotations

Branches:
Dungeon (5/15)
 Temple: D:4-7

Altars:
Fedhas
Nemelex Xobeh
Sif Muna
The Shining One


Innate Abilities, Weirdness & Mutations

Your body is rotting away.
You thrive on raw meat.
You are immune to poison.
You have sharp fingernails.
You are carnivorous and can eat meat at any time.
Your flesh is cold resistant. (rC+)
You are immune to negative energy. (rN+++)
You do not regenerate when monsters are visible.
You are immune to unholy pain and torment.
You can survive without breathing.


Message History

Okay, then.
Okay, then.
Sorry, you're not good enough to have a special ability.
Unknown command.
You claw the orc wizard!
You kill the orc wizard!
You scratch the orc.
The orc is moderately wounded.
The orc wizard mumbles some strange words.
The orc wizard blinks!
Okay, then.
You miss something. Something hits you.
* * * LOW HITPOINT WARNING * * *
You closely miss something. Something hits you.
* * * LOW HITPOINT WARNING * * *
The orc wizard casts a spell at you.
You closely miss something. The orc wizard casts a spell at you.
Something hits you.
You die...

#.# ####.#.
.#.#
.......#.#.#
.........#.#
.........#.#
.........#.#
.........#.#
.........#@#
.....).>.#)#
.......o.oo# .
...........#
...
#####........#
..
.............#
..
.........)..#
..
...........#
.#
###........#


You could see an orc wizard and an orc.

Vanquished Creatures
  Grinder (D:4)
  An ogre (D:5)
  A sky beast (D:5)
  Blork the orc (D:5)
  2 big kobolds (Sewer)
  A centaur zombie (D:5)
  2 jellies (D:5)
  3 hounds
  An orc wizard (D:4)
  A hound skeleton (D:4)
  9 adders
  3 river rats (Sewer)
  A shadow imp (D:5)
  2 oozes (D:2)
  A worm (D:4)
  A dart slug (D:2)
  A leopard gecko (D:1)
  7 orcs
  9 ball pythons
  3 giant cockroaches
  7 goblins
  6 hobgoblins
  6 jackals
  24 kobolds
  2 quokkas
  4 bats
  4 frilled lizards
  A leopard gecko skeleton (D:4)
  A quokka skeleton (D:5)
  29 rats
135 creatures vanquished.

Notes
Turn   | Place    | Note
-------+----------+-------------------------------------------
     0 | D:1      | Borgoz the Ghoul Warper began the quest for the Orb.
     0 | D:1      | Reached XP level 1. HP: 17/17 MP: 2/2
    90 | D:1      | Reached skill level 1 in Armour
    90 | D:1      | Reached XP level 2. HP: 7/24 MP: 4/4
   574 | D:1      | Learned a level 2 spell: Blink
   765 | D:1      | Reached XP level 3. HP: 27/30 MP: 5/5
  1048 | D:2      | Found a glowing golden altar of the Shining One.
  1110 | D:2      | Reached skill level 3 in Unarmed Combat
  1135 | D:2      | Reached XP level 4. HP: 13/37 MP: 6/6
  1463 | D:2      | Found a sparkling altar of Nemelex Xobeh.
  1474 | D:2      | Found a blossoming altar of Fedhas.
  1475 | D:2      | Found a deep blue altar of Sif Muna.
  2320 | D:3      | Reached XP level 5. HP: 21/42 MP: 7/7
  2432 | D:3      | Found a glowing drain.
  2437 | Sewer    | Entered a sewer
  2494 | Sewer    | Reached skill level 4 in Unarmed Combat
  2776 | Sewer    | Noticed a big kobold
  2776 | Sewer    | Noticed a big kobold
  2794 | Sewer    | Killed a big kobold
  2794 | Sewer    | Reached XP level 6. HP: 40/51 MP: 8/8
  2810 | Sewer    | Reached skill level 5 in Unarmed Combat
  3312 | D:5      | Entered Level 5 of the Dungeon
  3313 | D:5      | Noticed a sky beast
  3723 | D:5      | Reached XP level 7. HP: 27/57 MP: 9/9
  3744 | D:5      | Reached skill level 6 in Unarmed Combat
  3865 | D:5      | Noticed Blork the orc
  3882 | D:5      | Killed Blork the orc
  4016 | D:4      | Noticed Grinder
  4523 | D:4      | Killed Grinder
  4523 | D:4      | Reached skill level 7 in Unarmed Combat
  4523 | D:4      | Reached XP level 8. HP: 35/66 MP: 10/10
  4570 | D:4      | Identified the +9 mace of Rotation {freeze, Int+3}
  4592 | D:4      | HP: 1/66 [something (3)]
  4593 | D:4      | Slain by an orc wizard

Skill      XL: |  1  2  3  4  5  6  7 |
---------------+----------------------+-----
Armour         | 1 2 3 |  3.9
Spellcasting   | 2 |  2.0
Dodging        | 2 3 |  3.8
Unarmed Combat | 3 4 5 7 |  7.3
Fighting       | 3 4 |  4.0
Throwing       | |  0.8
Stealth        | |  0.6
Translocations | |  2.6

Action                   |  1- 3 |  4- 6 |  7- 9 || total
-------------------------+-------+-------+-------++-------
Melee: Unarmed           |   120 |   323 |   106 ||   549
       Punch             |     4 |     1 |     2 ||     7
  Use: Scroll            |       |     8 |     5 ||    13
       Potion            |       |     6 |     8 ||    14
  Eat: Chunk             |    13 |    40 |    14 ||    67
Armor: Leather armour    |    25 |    45 |     7 ||    77
Dodge: Dodged            |    69 |   242 |    72 ||   383
